 Dungeon Crawl Stone Soup version 0.28-a0-474-g535839065c (webtiles) character file.

Game seed: 9041444619881527131

4592 Rennog the Thaumaturge (level 10, -10/56 HPs)
             Began as a Deep Elf Fire Elementalist on Sept 16, 2021.
             Was a Believer of Sif Muna.
             Mangled by a boulder beetle (25 damage)
             ... on level 7 of the Dungeon.
             The game lasted 00:18:46 (10216 turns).

Rennog the Thaumaturge (DEFE)                      Turns: 10216, Time: 00:18:47

Health: -10/56     AC:  6    Str:  5    XL:     10   Next: 18%
Magic:  11/28      EV: 16    Int: 30    God:    Sif Muna [**....]
Gold:   338        SH:  0    Dex: 14    Spells: 21/34 levels left

rFire   + . .      SeeInvis +   u - +5 scythe (flame)
rCold   . . .      Faith    .   (shield currently unavailable)
rNeg    + . .      Spirit   .   j - +1 robe {rN+}
rPois   +          Reflect  .   (no helmet)
rElec   .          Harm     .   t - +1 cloak {rCorr}
rCorr   +          Rampage  .   (no gloves)
Will    +....                   a - +0 pair of boots
Stlth   ++........              (no amulet)
HPRegen 0.18/turn               x - ring of Law {Wiz rF+ Int+8 Dex-5 SInv}
MPRegen 0.21/turn               d - ring "Zotyaqul" {rPois Str-2 Dex+4 Slay+4}

@: no status effects
A: no striking features
a: Renounce Religion, Channel Magic


You were on level 7 of the Dungeon.
You worshipped Sif Muna.
Sif Muna was pleased with you.
You visited 1 branch of the dungeon, and saw 7 of its levels.

You collected 338 gold pieces.

Inventory:

Hand Weapons
 u - a +5 scythe of flaming (weapon)
Armour
 a - a +0 pair of boots (worn)
 j - a +1 robe of positive energy (worn)
 t - a +1 cloak of preservation (worn)
Jewellery
 b - a ring of wizardry
 d - the ring "Zotyaqul" (right hand) {rPois Str-2 Dex+4 Slay+4}
   (You took it off an orc on level 4 of the Dungeon)

   [ring of poison resistance]

   Str:       It affects your strength (-2).
   Dex:       It affects your dexterity (+4).
   Slay:      It affects your accuracy & damage with ranged weapons and melee
   (+4).
   rPois:     It protects you from poison.
 e - a ring of protection from cold
 w - a ring of flight
 x - the ring of Law (left hand) {Wiz rF+ Int+8 Dex-5 SInv}
   (You found it on level 5 of the Dungeon)

   [ring of wizardry]

   It improves your spell success rate.
   Int:       It affects your intelligence (+8).
   Dex:       It affects your dexterity (-5).
   rF:        It protects you from fire.
   SInv:      It lets you see invisible.
 D - a ring of magical power
Wands
 r - a wand of paralysis (6)
 z - a wand of charming (7)
 A - a wand of flame (39)
 B - a wand of polymorph (2)
Scrolls
 f - a scroll of silence {unknown}
 g - 2 scrolls of vulnerability {unknown}
 h - 3 scrolls of teleportation {unknown}
 i - a scroll of amnesia {unknown}
 l - a scroll of holy word {unknown}
 m - a scroll of enchant weapon {unknown}
 n - 2 scrolls of noise {unknown}
 q - 6 scrolls of identify {unknown}
 v - 3 scrolls of immolation {unknown}
 y - 5 scrolls of fog {unknown}
 E - a scroll of summoning {unknown}
Potions
 c - 5 potions of curing
 k - a potion of lignification {unknown}
 o - 3 potions of flight {unknown}
 p - 3 potions of attraction {unknown}
 s - 2 potions of haste
 C - a potion of ambrosia {unknown}


   Skills:
 + Level 3.0 Fighting
 + Level 8.7 Dodging
 - Level 2.4 Stealth
 * Level 12.7 Spellcasting
 - Level 6.1 Conjurations
 - Level 7.0 Fire Magic


You had 21 spell levels left.
You knew the following spells:

 Your Spells              Type           Power      Damage    Failure   Level
a - Foxfire               Conj/Fire      100%       2x1d9     1%          1
b - Scorch                Fire           100%       2d10      1%          2
c - Conjure Flame         Conj/Fire      55%        6-21      1%          3
d - Flame Wave            Conj/Fire      55%        3d10      1%          4
e - Teleport Other        Tloc           19%        N/A       3%          3

Your spell library contained the following spells:

 Spells                   Type           Power      Damage    Failure   Level
 Inner Flame              Hex/Fire       40%        N/A       1%          3
 Gell's Gravitas          Tloc           9%         N/A       3%          3
 Lesser Beckoning         Tloc           19%        N/A       3%          3


Dungeon Overview and Level Annotations

Branches:
Dungeon (7/15)             Temple (0/1) D:7

Altars:
Ashenzari
Gozag
Sif Muna
Uskayaw
Vehumet

Annotations:
D:6 1 runed translucent door


Message History

Confirm with . or Enter, or press ? or * to list all spells.
Aiming: Teleport Other (dangerous; 3% risk of failure)
Press: ? - help, Shift-Dir - straight line, f/p - boulder beetle
Aim: a boulder beetle (chance to affect: 39%)
The boulder beetle resists with some effort.
Casting: Teleport Other (dangerous; 3% risk of failure)
Confirm with . or Enter, or press ? or * to list all spells.
Aiming: Teleport Other (dangerous; 3% risk of failure)
Press: ? - help, Shift-Dir - straight line, f/p - boulder beetle
Aim: a boulder beetle (chance to affect: 39%)
The boulder beetle resists with some effort.
The boulder beetle completely misses you.
Casting: Teleport Other (dangerous; 3% risk of failure)
Confirm with . or Enter, or press ? or * to list all spells.
Aiming: Teleport Other (dangerous; 3% risk of failure)
Press: ? - help, Shift-Dir - straight line, f/p - boulder beetle
Aim: a boulder beetle (chance to affect: 39%)
The boulder beetle resists with some effort.
The boulder beetle bites you!!
Ouch! That really hurt!
* * * LOW HITPOINT WARNING * * *
Casting: Teleport Other (dangerous; 3% risk of failure)
Confirm with . or Enter, or press ? or * to list all spells.
Aiming: Teleport Other (dangerous; 3% risk of failure)
Press: ? - help, Shift-Dir - straight line, f/p - boulder beetle
Aim: a boulder beetle (chance to affect: 39%)
Okay, then.
Aiming: Paralyse
Press: ? - help, Shift-Dir - straight line, f/p - boulder beetle
Aim: a boulder beetle (chance to affect: 28%)
Okay, then.
Unknown command.
Casting: Teleport Other (dangerous; 3% risk of failure)
Confirm with . or Enter, or press ? or * to list all spells.
Aiming: Teleport Other (dangerous; 3% risk of failure)
Press: ? - help, Shift-Dir - straight line, f/p - boulder beetle
Aim: a boulder beetle (chance to affect: 39%)
The boulder beetle resists with some effort.
The boulder beetle bites you!!
You die...

#. ......)...##########
#.##.#######.#########
#..#.# #...........##
#..#.#####.#.#######.##
#..#..........# #...##
#....)..##.#..# #...##
#..#.)..##.#..# #...##
#..#...)##.#..######.##
#..#.#@)...............
#..#.#B###.#.........##
#..#.#.# #.#....#######
#..#.#.###.####.# #...(
#..#.#..........# #.##.
#..#.#.###.###..###.##.
#......................
#.##.#####.###.####.##.
#.##.# #..............


You could see a boulder beetle.

Vanquished Creatures
  Pikel (D:7)
  Sigmund (D:3)
  Edmund (D:6)
  Duvessa (D:6)
  A water moccasin (D:5)
  An ice beast (D:6)
  A hornet zombie (D:6)
  3 black bears
  An orc warrior (D:7)
  6 ogres
  A centaur (D:7)
  5 phantoms
  4 bullfrogs
  A water moccasin zombie (D:4)
  Dowan (D:6)
  A scorpion (D:5)
  A wyvern skeleton (D:6)
  2 water moccasin skeletons (D:5)
  9 wights
  6 killer bees (D:7)
  3 bullfrog zombies
  A centaur zombie (D:4)
  7 hounds
  A bullfrog skeleton (D:6)
  An orc priest (D:6)
  Crazy Yiuf (D:3)
  Jessica (D:3)
  Ijyb (D:3)
  Terence (D:3)
  3 iguanas
  5 orc wizards
  A hound skeleton (D:4)
  Robin (D:2)
  3 gnolls (D:3)
  3 river rats (D:6)
  5 adders
  2 worms (D:2)
  4 dart slugs
  The ghost of willcat the Sneak, a weakling DEDe (D:6)
  13 orcs
  8 ball pythons
  9 endoplasms
  5 giant cockroaches
  17 goblins
  3 hobgoblins
  7 jackals
  3 quokkas
  7 bats
  3 frilled lizards (D:1)
  8 kobolds
  6 rats
182 creatures vanquished.

Vanquished Creatures (collateral kills)
  3 foxfires (D:5)
3 creatures vanquished.

Vanquished Creatures (others)
  562 foxfires
562 creatures vanquished.

Grand Total: 747 creatures vanquished

Notes
Turn   | Place    | Note
-------+----------+-------------------------------------------
     0 | D:1      | Rennog the Deep Elf Fire Elementalist began the quest for
                  | the Orb.
     0 | D:1      | Reached XP level 1. HP: 10/10 MP: 6/6
   129 | D:1      | Reached XP level 2. HP: 15/15 MP: 0/8
   241 | D:1      | Learned a level 2 spell: Scorch
   530 | D:1      | Found a faded altar of an unknown god.
   814 | D:1      | Reached XP level 3. HP: 19/19 MP: 7/10
  1338 | D:2      | Reached skill level 4 in Spellcasting
  2105 | D:2      | Reached XP level 4. HP: 20/24 MP: 6/12
  2141 | D:2      | Noticed Robin
  2242 | D:2      | Killed Robin
  2797 | D:3      | Found a runed translucent door.
  2798 | D:3      | Noticed Crazy Yiuf
  2827 | D:3      | Reached skill level 5 in Spellcasting
  2827 | D:3      | Reached XP level 5. HP: 28/28 MP: 6/14
  2831 | D:3      | Learned a level 3 spell: Conjure Flame
  3180 | D:3      | Found a shimmering blue altar of Sif Muna.
  3185 | D:3      | Became a worshipper of Sif Muna the Loreminder
  3432 | D:3      | Noticed Ijyb
  3439 | D:3      | Killed Ijyb
  3505 | D:3      | Noticed Terence
  3513 | D:3      | Killed Terence
  3655 | D:3      | Reached XP level 6. HP: 32/32 MP: 13/16
  3743 | D:3      | Noticed Sigmund
  4226 | D:3      | Noticed Jessica
  4230 | D:3      | Killed Jessica
  4307 | D:3      | Killed Crazy Yiuf
  4308 | D:3      | Reached skill level 6 in Spellcasting
  4397 | D:3      | Killed Sigmund
  4456 | D:4      | Reached XP level 7. HP: 36/36 MP: 13/19
  4681 | D:4      | Found a radiant altar of Vehumet.
  4717 | D:4      | Reached skill level 7 in Spellcasting
  4720 | D:4      | Reached skill level 5 in Fire Magic
  4743 | D:4      | Reached skill level 5 in Dodging
  4949 | D:4      | Found an opulent altar of Gozag.
  4953 | D:4      | Reached * piety under Sif Muna
  5111 | D:4      | Reached skill level 8 in Spellcasting
  5147 | D:4      | Identified the ring "Zotyaqul" {rPois Str-2 Dex+4 Slay+4}
  5243 | D:4      | Learned a level 4 spell: Flame Wave
  5247 | D:4      | Learned a level 3 spell: Teleport Other
  5251 | D:4      | Reached XP level 8. HP: 41/41 MP: 16/22
  6083 | D:5      | Entered Level 5 of the Dungeon
  6086 | D:5      | Identified the ring of Law {Wiz rF+ Int+8 Dex-5 SInv}
  6221 | D:5      | Found a broken altar of Ashenzari.
  6357 | D:5      | Reached skill level 9 in Spellcasting
  6366 | D:5      | Reached skill level 5 in Conjurations
  7222 | D:6      | Reached skill level 10 in Spellcasting
  7224 | D:6      | Noticed Duvessa
  7229 | D:6      | Noticed Dowan
  7230 | D:6      | Reached XP level 9. HP: 36/45 MP: 11/25
  7604 | D:6      | Killed Duvessa
  7623 | D:6      | Killed Dowan
  7754 | D:6      | Found a hide-covered altar of Uskayaw.
  7871 | D:6      | Reached ** piety under Sif Muna
  7875 | D:6      | Noticed Edmund
  7934 | D:6      | Killed Edmund
  7935 | D:6      | Reached skill level 1 in Fighting
  7935 | D:6      | Reached skill level 11 in Spellcasting
  8357 | D:6      | Found a runed translucent door.
  8362 | D:6      | Noticed willcat's ghost (weakling DEDe)
  8682 | D:6      | Found a runed translucent door.
  8800 | D:6      | Killed willcat's ghost
  8950 | D:7      | Reached skill level 12 in Spellcasting
  8980 | D:7      | Noticed Pikel
  8984 | D:7      | Killed Pikel
  8985 | D:7      | Reached XP level 10. HP: 54/54 MP: 13/28
  9167 | D:7      | Noticed a boulder beetle
  9999 | D:7      | Found a staircase to the Ecumenical Temple.
 10216 | D:7      | Mangled by a boulder beetle

Illustrated notes

Levels and vault maps discovered:
D:1:      dpeg_arrival_leaves_temple_mockup, layout_loops_ring,
          shapermc_ecumenical_altar_mp_highgroup, minmay_tripent
D:2:      layout_loops_corners, minmay_distorted, uniq_robin
D:3:      layout_basic, led_sif_book, minmay_misc_feat_chi, uniq_ijyb,
          uniq_sigmund, uniq_crazy_yiuf_cottage, uniq_jessica, uniq_terence
D:4:      minmay_evil_eye, layout_basic, lemuel_round_altar, vehumet_crystals,
          hangedman_decor_clover_reticule, nrook_uturn
D:5:      layout_loops_ring, mainiacjoe_overflow_tiny_flanked,
          kennysheep_generic_room_16
D:6:      layout_basic, mainiacjoe_overflow_six_doors_small,
          ebering_ghost_sewer_f, uniq_duvessa, uniq_edmund
D:7:      layout_basic, minmay_temple_entry_junction,
          kennysheep_generic_room_12, uniq_pikel

Skill      XL: |  1  2  3  4  5  6  7  8  9 10 |
---------------+-------------------------------+-----
Spellcasting   | 4 5 6 8 10 12 | 12.7
Dodging        | 3 4 5 6 8 |  8.7
Conjurations   | 2 3 4 5 6 |  6.1
Fire Magic     | 4 5 6 7 |  7.0
Fighting       | 2 3 |  3.0
Stealth        | |  2.4

Action                   |  1- 3 |  4- 6 |  7- 9 | 10-12 || total
-------------------------+-------+-------+-------+-------++-------
Melee: Short sword       |     5 |       |       |       ||     5
       Scythe            |       |       |     3 |       ||     3
 Cast: Foxfire           |    43 |   133 |   176 |    14 ||   366
       Scorch            |    30 |    10 |    76 |    19 ||   135
       Teleport Other    |       |       |     3 |    17 ||    20
       Flame Wave        |       |       |     8 |     1 ||     9
       Conjure Flame     |       |       |     2 |       ||     2
  Use: Potion            |       |       |     1 |       ||     1
Armor: Robe              |     1 |       |    13 |       ||    14
Dodge: Dodged            |    11 |     9 |    53 |     8 ||    81

Table legend: (Time is in decaauts)
 A = Elapsed time spent in this place.
 B = Non-inter-level travel time spent in this place.
 C = Inter-level travel time spent in this place.
 D = Time resting spent in this place.
 E = Time spent auto-exploring this place.
 F = Levels seen in this place.
 G = Mean time per level.
                   A        B        C        D        E       F      G
               +--------+--------+--------+--------+--------+-----+--------+
         Total |  10224 |   9923 |    301 |    439 |   8313 |   7 | 1460.6 |
       Dungeon |  10224 |   9923 |    301 |    439 |   8313 |   7 | 1460.6 |
               +--------+--------+--------+--------+--------+-----+--------+

Top non-repeatable levels by time:
     D:3: 1833 daAuts
     D:6: 1653 daAuts
     D:2: 1644 daAuts
     D:4: 1394 daAuts
     D:7: 1271 daAuts
     D:5: 1216 daAuts
     D:1: 1210 daAuts
